 Dungeon Crawl Stone Soup version 0.30-a0-737-gf23d94013f (webtiles) character file.

Game seed: 5328474235276573691

22431 mandoloar the Thaumaturge (level 12, -2/72 HPs)
             Began as a Deep Elf Conjurer on Feb 1, 2023.
             Was a Priest of Vehumet.
             Slain by Rupert
             ... wielding a +3 battleaxe of freezing
              (6 damage)
             ... on level 3 of the Lair of Beasts on Feb 2, 2023.
             The game lasted 01:17:24 (25163 turns).

mandoloar the Thaumaturge (Deep Elf Conjurer)      Turns: 25163, Time: 01:17:25

Health: -2/72      AC:  9    Str:  4    XL:     12   Next: 63%
Magic:  1/30       EV: 29    Int: 29    God:    Vehumet [***...]
Gold:   905        SH:  0    Dex: 13    Spells: 19/35 levels left

rFire   . . .      SeeInvis .    a - +4 short sword (spect)
rCold   . . .      Faith    .    (no shield)
rNeg    + . .      Spirit   .    b - +1 acid dragon scales
rPois   .          Reflect  .    o - +2 hat
rElec   .          Harm     .    (no cloak)
rCorr   +          Rampage  .    (no gloves)
Will    ++...                    (no boots)
Stlth   ++++                     E - amulet of the acrobat
HPRegen 0.32/turn                g - ring of willpower
MPRegen 0.22/turn                n - ring of positive energy

@: acrobatic
A: no striking features
a: Renounce Religion


You were on level 3 of the Lair of Beasts.
You worshipped Vehumet.
Vehumet was most pleased with you.
You visited 3 branches of the dungeon, and saw 16 of its levels.

You collected 905 gold pieces.

Inventory:

Hand Weapons
 a - a +4 spectral short sword (weapon)
Armour
 b - +1 acid dragon scales (worn)
 o - a +2 hat (worn)
Jewellery
 d - a ring of see invisible
 g - a ring of willpower (left hand)
 n - a ring of positive energy (right hand)
 E - an amulet of the acrobat (around neck)
Wands
 h - a wand of acid (5)
 r - a wand of mindburst (12)
 u - a wand of polymorph (20)
 F - a wand of iceblast (17)
Scrolls
 c - a scroll of amnesia
 f - 4 scrolls of identify
 j - 2 scrolls of brand weapon
 m - a scroll of blinking
 t - 2 scrolls of teleportation
 v - a scroll of magic mapping
 x - a scroll of fog
 z - 2 scrolls of poison
Potions
 e - 2 potions of might
 i - 7 potions of curing
 k - 4 potions of berserk rage
 l - 3 potions of mutation
 p - 2 potions of ambrosia
 q - a potion of attraction
 w - 2 potions of invisibility
 A - 2 potions of heal wounds
 B - a potion of lignification
 H - 2 potions of flight


   Skills:
 + Level 7.0 Fighting
 - Level 2.0 Armour
 + Level 10.5 Dodging
 - Level 10.0 Stealth
 + Level 12.0 Spellcasting
 + Level 10.9 Conjurations
 + Level 7.4 Hexes
 - Level 5.0 Translocations
 + Level 6.7 Transmutations


You had 19 spell levels left.
You knew the following spells:

 Your Spells              Type           Power      Damage    Failure   Level
a - Magic Dart            Conj           100%       1d8       1%          1
b - Searing Ray           Conj           100%       2d8       1%          2
c - Fulminant Prism       Conj/Hex       31%        3d15      1%          4
d - Iskenderun's Mystic   Conj/Tloc      59%        2d12      1%          4
e - Yara's Violent Unrav  Hex/Tmut       27%        3d12      3%          5

Your spell library contained the following spells:

 Spells                   Type           Power      Damage    Failure   Level
 Ignite Poison            Fire/Tmut/Pois 30%        N/A       2%          3
 Apportation              Tloc           92%        N/A       1%          1
 Beastly Appendage        Tmut           100%       N/A       1%          1
 Sandblast                Erth           34%        2d9       1%          1
 Lesser Beckoning         Tloc           92%        N/A       1%          2
 Wereblood                Tmut           54%        N/A       1%          2
 Dazzling Flash           Conj/Hex       100%       N/A       1%          3
 Hailstorm                Conj/Ice       49%        3d11      1%          3
 Inner Flame              Hex/Fire       39%        N/A       1%          3
 Mephitic Cloud           Conj/Pois/Air  38%        N/A       1%          3
 Portal Projectile        Hex/Tloc       100%       N/A       1%          3
 Stone Arrow              Conj/Erth      98%        3d13      1%          3
 Ensorcelled Hibernation  Hex/Ice        78%        N/A       2%          2
 Passwall                 Tmut/Erth      30%        N/A       2%          2
 Gell's Gravitas          Tloc           46%        N/A       2%          3
 Teleport Other           Tloc           46%        N/A       2%          3
 Flame Wave               Conj/Fire      49%        2d12      2%          4
 Sticky Flame             Conj/Fire      49%        2d7       2%          4
 Spider Form              Tmut/Pois      37%        N/A       5%          3
 Lightning Bolt           Conj/Air       24%        1d40      6%          5
 Call Imp                 Summ           17%        N/A       11%         2
 Anguish                  Hex/Necr       19%        N/A       16%         4
 Leda's Liquefaction      Hex/Erth       19%        N/A       16%         4
 Airstrike                Air            8%         2d(2-18)  17%         4
 Call Canine Familiar     Summ           17%        N/A       22%         3
 Ozocubu's Armour         Ice            17%        N/A       22%         3
 Alistair's Intoxication  Tmut/Pois      24%        N/A       45%         5
 Summon Lightning Spire   Summ/Air       17%        N/A       56%         4
 Enfeeble                 Hex            28%        N/A       96%         7
 Storm Form               Tmut/Air       18%        N/A       100%        7
 Borgnjor's Revivificati  Necr           8%         N/A       100%        8
 Maxwell's Capacitive Co  Air            8%         ∞         100%        8


Dungeon Overview and Level Annotations

Branches:
Dungeon (11/15)            Temple (1/1) D:7            Lair (4/5) D:10
  Swamp (0/4) Lair:2       Spider (0/4) Lair:2          Orc (0/2) D:10
  Slime: Lair:4-5

Altars:
Ashenzari
Cheibriados
Dithmenos
Elyvilon
Fedhas
Gozag
Hepliaklqana
Kikubaaqudgha
Makhleb
Nemelex Xobeh
Okawaru
Qazlal
Ru
Sif Muna
Trog
Uskayaw
Vehumet
Wu Jian
Xom
Yredelemnul
Zin
The Shining One

Shops:
D:5 :   D:6 ?

Annotations:
D:9 3 runed translucent doors, browni3141's ghost, novice HOFi
Lair:3 3 runed translucent doors, Rupert


Message History

Your fulminant prism explodes!
The blast of energy engulfs Rupert.
Rupert is severely wounded.
Casting: Fulminant Prism (safe; 1% risk of failure)
Confirm with . or Enter, or press ? or * to list all spells.
Aiming: Fulminant Prism (safe; 1% risk of failure)
Press: ? - help, Dir - move target You conjure a prism of explosive energy!
A fulminant prism comes into view.
Rupert hits you with a +3 battleaxe of freezing!!
Rupert freezes you.
Rupert hits your fulminant prism with a +3 battleaxe of freezing!
Rupert freezes your fulminant prism.
Your fulminant prism crackles loudly.
Your fulminant prism explodes!
The blast of energy engulfs Rupert!
Rupert is severely wounded.
Casting: Fulminant Prism (safe; 1% risk of failure)
Confirm with . or Enter, or press ? or * to list all spells.
You don't have enough magic to cast this spell.
Rupert closely misses you.
Casting: Fulminant Prism (safe; 1% risk of failure)
Confirm with . or Enter, or press ? or * to list all spells.
You erupt in a blast of force!
The mystic blast hits Rupert!
Rupert is severely wounded.
Rupert hits you with a +3 battleaxe of freezing!!!
Ouch! That really hurt!
* * * LOW HITPOINT WARNING * * *
Rupert freezes you.
* * * LOW HITPOINT WARNING * * *
Rupert barely misses you.
Casting: Iskenderun's Mystic Blast (mildly dangerous; 1% risk of failure)
Confirm with . or Enter, or press ? or * to list all spells.
You don't have enough magic to cast this spell.
As you read the scroll of fear, it crumbles to dust.
You assume a fearsome visage.
Rupert is unaffected.
The cane toad looks frightened!
Rupert closely misses you. Rupert completely misses you.
Rupert hits you with a +3 battleaxe of freezing.
You die...

###### ########## ######### ###
...#.###..##PP#.###P##...P####P##
.................................
.................................
...............@@................
................................#
.......<........................P
..#.######......#...#+..##......#
...## #P.......#.........#.....#
...# ##........................
...# ##......#.........P.....#
...# #.................>....#
.... ##................#.....#


You could see Rupert (berserk).

Vanquished Creatures
  Gastronok (Lair:1)
  Erolcha (D:10)
  A hydra (Lair:2)
  A centaur warrior (D:9)
  2 two-headed ogres (D:10)
  Pikel (D:8)
  The ghost of demibob the Cleaver, a novice HOFi of the Shining One (D:6)
  2 black mambas
  Maggie (D:8)
  3 cane toads
  A rime drake (Lair:1)
  2 komodo dragons
  An efreet (D:9)
  The ghost of porpoise the Cleaver, an amateur HOMo (D:3)
  A polar bear (Lair:2)
  A meliai (Lair:1)
  A troll (D:9)
  A hornet (Lair:2)
  8 blink frogs
  A shadow (D:10)
  7 wyverns
  2 wraiths (D:10)
  23 yaks
  Grum (D:8)
  4 basilisks
  3 vampire mosquitoes
  A steam dragon (D:9)
  An acid dragon (D:9)
  10 water moccasins
  Pargi (D:4)
  3 orc warriors
  2 black bears
  2 ice beasts
  A sky beast (D:6)
  An ogre (D:5)
  19 wolves
  3 centaurs
  3 lemures (D:8)
  A kobold brigand (D:9)
  7 bullfrogs
  A necrophage (D:6)
  4 scorpions
  5 wights (D:8)
  8 killer bees
  3 electric eels (D:10)
  3 howler monkeys
  4 hounds
  6 orc priests
  8 iguanas
  12 orc wizards
  4 gnolls
  7 adders
  A shadow imp (D:7)
  A white imp (D:8)
  2 worms
  3 dart slugs
  48 orcs
  7 ball pythons
  9 endoplasms
  3 giant cockroaches
  6 goblins
  6 hobgoblins
  6 jackals
  14 kobolds
  3 quokkas
  6 bats
  3 frilled lizards
  2 rats
312 creatures vanquished.

Vanquished Creatures (others)
  292 fulminant prisms
  16 fungi
  71 plants
379 creatures vanquished.

Grand Total: 691 creatures vanquished

Notes
Turn   | Place    | Note
-------+----------+-------------------------------------------
     0 | D:1      | mandoloar the Deep Elf Conjurer began the quest for the
                  | Orb.
     0 | D:1      | Reached XP level 1. HP: 10/10 MP: 6/6
   283 | D:1      | Reached XP level 2. HP: 7/15 MP: 0/8
   353 | D:1      | Learned a level 2 spell: Searing Ray
   738 | D:1      | Reached skill level 4 in Spellcasting
   999 | D:1      | Reached skill level 5 in Conjurations
   999 | D:1      | Reached XP level 3. HP: 18/19 MP: 5/10
  3242 | D:3      | Found a runed translucent gate.
  3242 | D:3      | Found a runed translucent gate.
  3242 | D:3      | Found a runed translucent gate.
  3244 | D:3      | Noticed porpoise's ghost (amateur HOMo)
  3283 | D:3      | Reached XP level 4. HP: 24/24 MP: 8/12
  3592 | D:3      | Reached skill level 5 in Spellcasting
  3630 | D:3      | Found an ornate altar of the Wu Jian Council.
  3716 | D:3      | Learned a level 4 spell: Fulminant Prism
  3721 | D:3      | Learned a level 4 spell: Iskenderun's Mystic Blast
  4673 | D:4      | Reached XP level 5. HP: 17/28 MP: 4/14
  5000 | D:4      | Found a glowing silver altar of Zin.
  5074 | D:4      | Reached skill level 1 in Hexes
  5282 | D:5      | Entered Level 5 of the Dungeon
  5282 | D:5      | Noticed an ice beast
  5294 | D:4      | Reached skill level 1 in Translocations
  5295 | D:4      | Killed an ice beast
  5296 | D:4      | Reached skill level 1 in Fighting
  5296 | D:4      | Reached XP level 6. HP: 11/34 MP: 4/16
  5690 | D:4      | Noticed Pargi
  5700 | D:4      | Killed Pargi
  5989 | D:4      | Reached XP level 7. HP: 38/38 MP: 8/17
  6101 | D:4      | Reached skill level 6 in Spellcasting
  6548 | D:5      | HP: 2/40 [poisoned by a water moccasin]
  7551 | D:6      | Found Molim's Magic Scroll Shoppe.
  7963 | D:5      | Found Lyffu's Book Shop.
  8104 | D:5      | Reached XP level 8. HP: 33/45 MP: 0/19
  9018 | D:6      | Reached skill level 5 in Stealth
  9267 | D:6      | Reached skill level 5 in Dodging
  9267 | D:6      | Reached skill level 7 in Spellcasting
  9480 | D:5      | Learned a level 5 spell: Yara's Violent Unravelling
  9498 | D:6      | Reached skill level 5 in Hexes
  9816 | D:6      | Identified the +11 great sword "Macreecou" {freeze, rF+
                  | Int-3 Stlth+}
  9908 | D:6      | Found a blossoming altar of Fedhas.
 10008 | D:6      | Found a runed translucent door.
 10008 | D:6      | Noticed demibob's ghost (novice HOFi)
 10232 | D:6      | Found a sacrificial altar of Ru.
 10234 | D:6      | Found an ancient bone altar of Kikubaaqudgha.
 10374 | D:7      | Reached skill level 1 in Transmutations
 10374 | D:7      | Reached XP level 9. HP: 51/51 MP: 16/21
 10467 | D:7      | Found a bloodstained altar of Trog.
 10649 | D:7      | Found a staircase to the Ecumenical Temple.
 10659 | Temple   | Entered the Ecumenical Temple
 10711 | Temple   | Became a worshipper of Vehumet
 11213 | D:7      | Noticed a skeletal warrior
 11214 | D:7      | Noticed a boulder beetle
 12012 | D:8      | Found a shadowy altar of Dithmenos.
 12016 | D:8      | Reached skill level 5 in Translocations
 12019 | D:8      | Reached skill level 8 in Spellcasting
 12261 | D:8      | Noticed Maggie
 12297 | D:8      | Killed Maggie
 12417 | D:8      | Noticed Pikel
 12425 | D:8      | Killed Pikel
 12426 | D:8      | Reached XP level 10. HP: 57/57 MP: 12/24
 12605 | D:8      | Noticed Grum
 12653 | D:8      | Killed Grum
 13069 | D:8      | Reached * piety under Vehumet
 13069 | D:8      | Offered knowledge of Freeze by Vehumet.
 13680 | D:10     | Entered Level 10 of the Dungeon
 13834 | D:9      | Identified the +9 plate armour "Wuup" {rF- rN++}
 13863 | D:9      | Found a sparkling altar of Nemelex Xobeh.
 14034 | D:9      | Found a runed translucent gate.
 14034 | D:9      | Found a runed translucent gate.
 14034 | D:9      | Found a runed translucent gate.
 14036 | D:9      | Noticed browni3141's ghost (novice HOFi)
 14036 | D:9      | Noticed a ten-headed hydra
 14092 | D:9      | Reached skill level 9 in Spellcasting
 14769 | D:9      | Noticed a centaur warrior
 14786 | D:9      | Killed a centaur warrior
 14787 | D:9      | Reached skill level 5 in Fighting
 14787 | D:9      | Reached skill level 5 in Transmutations
 15841 | D:10     | Offered knowledge of Shock by Vehumet.
 15913 | D:10     | Noticed a two-headed ogre
 15914 | D:10     | Reached ** piety under Vehumet
 15927 | D:10     | Killed a two-headed ogre
 15928 | D:10     | Reached XP level 11. HP: 36/64 MP: 4/26
 16214 | D:9      | Reached skill level 10 in Spellcasting
 16814 | D:10     | Noticed Erolcha
 16936 | D:10     | Noticed a two-headed ogre
 17072 | D:10     | Found a staircase to the Orcish Mines.
 17713 | D:10     | Found a staircase to the Lair.
 18107 | D:10     | Killed Erolcha
 18222 | D:10     | Found a snail-covered altar of Cheibriados.
 18631 | D:3      | Killed porpoise's ghost
 18799 | D:6      | Killed demibob's ghost
 19230 | D:10     | Killed a two-headed ogre
 19479 | Lair:1   | Entered Level 1 of the Lair of Beasts
 19603 | Lair:1   | You fall into a shaft and drop 1 floor!
 20090 | Lair:1   | Got the Textbook on Numb Profane Mysteries
 20171 | Lair:1   | Offered knowledge of Kindle Blastsparks by Vehumet.
 20172 | Lair:1   | Reached skill level 10 in Stealth
 20230 | Lair:1   | Reached skill level 10 in Conjurations
 20415 | Lair:1   | Noticed Gastronok
 20527 | Lair:1   | Killed Gastronok
 20528 | Lair:1   | Reached skill level 1 in Armour
 20528 | Lair:1   | Reached skill level 11 in Spellcasting
 21213 | Lair:1   | Reached *** piety under Vehumet
 21495 | Lair:2   | Reached XP level 12. HP: 58/71 MP: 16/29
 21916 | Lair:2   | Noticed a seven-headed hydra
 21975 | Lair:2   | Killed a seven-headed hydra
 22392 | Lair:2   | Reached skill level 10 in Dodging
 22624 | Lair:2   | Offered knowledge of Ignite Poison by Vehumet.
 23073 | Lair:2   | Found a staircase to the Swamp.
 23182 | Lair:2   | Found a hole to the Spider Nest.
 23690 | Lair:3   | Found a runed translucent gate.
 23690 | Lair:3   | Found a runed translucent gate.
 23690 | Lair:3   | Found a runed translucent gate.
 23714 | Lair:2   | Paralysed by a hornet for 3 turns
 23718 | Lair:2   | Paralysed by a hornet for 2 turns
 24608 | Lair:3   | Reached skill level 12 in Spellcasting
 24671 | Lair:3   | Noticed a boulder beetle
 25126 | Lair:3   | Noticed Rupert
 25158 | Lair:3   | HP: 2/72 [Rupert/+3 battleaxe of freezing (5)]
 25163 | Lair:3   | Slain by Rupert

Illustrated notes

Levels and vault maps discovered:
D:1:      dpeg_arrival_pits, layout_rooms, serial_co_window_serial,
          co_window_paths_b, co_window_paths_b, co_window_paths_b,
          co_window_corner_a, co_window_paths_b, co_window_paths_a,
          co_window_paths_b, co_window_corner_a, co_window_cross_1,
          co_window_broadway_b, co_window_broadway_b, co_window_2corner,
          co_window_2corner, co_window_2corner, glass_columns_c
D:2:      layout_basic
D:3:      layout_basic, mainiacjoe_overflow_alcove_2, ebering_ghost_rock_garden
D:4:      layout_basic, zin_academy, kennysheep_orc_chapel, uniq_pargi
D:5:      layout_loops_ring, serial_shops, nicolae_inconvenience_store,
          minmay_misc_feat_chi, kennysheep_big_empty_room,
          kennysheep_generic_room_7
D:6:      layout_rooms, nicolae_overflow_hidden_temple, gammafunk_ghost_grave,
          serial_shops, shop
D:7:      layout_rooms, mainiacjoe_overflow_boulevard,
          minmay_temple_entry_butterflies, lightli_corner_chamber
D:8:      layout_basic, lemuel_round_altar, uniq_grum, uniq_maggie, uniq_pikel
D:9:      layout_roguey, old_standard_altar, gammafunk_ghost_hydra_chop
D:10:     layout_irregular_city, cheibrodos_worm_habitat, erik_lair_island,
          minmay_orc_entry_temple_small, serial_column_ruins,
          column_ruins_pillar_3, column_ruins_pillar_1, column_ruins_pillar_10,
          column_ruins_pillar_5, column_ruins_pillar_3, column_ruins_pillar_1,
          column_ruins_pillar_4, column_ruins_pillar_2, column_ruins_pillar_1,
          column_ruins_pillar_9, column_ruins_pillar_2, uniq_erolcha
D:11:     layout_loops_ring, minmay_misc_feat_plants, minivault_26, st_stairs_9
Temple:   nicolae_temple_ecumenical_triangle
Lair:1:   layout_chaotic_city, serial_forest, infiniplex_forest_diagonal,
          infiniplex_forest_clump_small, infiniplex_forest_clump_diagonal,
          infiniplex_forest_clump_tiny, infiniplex_forest_clump_curved,
          infiniplex_forest_end_2, infiniplex_forest_3_way,
          chequers_serial_rivers_large_b, uniq_gastronok
Lair:2:   layout_concentric_octagons, swamp_mist,
          hellmonk_spider_entry_not_the_bees, minivault_27,
          infiniplex_staircase_pool, grunt_megastairs_3
Lair:3:   layout_chaotic_city, gammafunk_ghost_icy, uniq_rupert
Lair:4:   layout_regular_city, uniq_josephine

Skill      XL: |  1  2  3  4  5  6  7  8  9 10 11 12 |
---------------+-------------------------------------+-----
Spellcasting   | 4 5 6 7 8 9 11 12 | 12.0
Conjurations   | 5 6 7 8 9 10 | 10.9
Hexes          | 1 2 3 5 7 |  7.4
Stealth        | 3 4 5 7 8 10 | 10.0
Translocations | 1 2 3 4 5 |  5.0
Fighting       | 1 2 3 4 5 6 7 |  7.0
Dodging        | 3 4 5 6 8 9 10 | 10.5
Transmutations | 1 3 5 6 |  6.7
Armour         | 1 2 |  2.0

Action                     |  1- 3 |  4- 6 |  7- 9 | 10-12 || total
---------------------------+-------+-------+-------+-------++-------
  Melee: Short sword       |     1 |       |     1 |     3 ||     5
   Cast: Magic Dart        |    57 |    37 |     5 |     5 ||   104
         Searing Ray       |     8 |    17 |    10 |     3 ||    38
         Iskenderun's Myst |       |     3 |    26 |    81 ||   110
         Fulminant Prism   |       |     6 |    69 |   217 ||   292
    Use: Scroll            |     3 |       |    12 |    10 ||    25
         Potion            |       |       |     2 |     2 ||     4
   Stab: Sleeping          |     1 |       |       |       ||     1
 Armour: Robe              |     4 |     5 |     8 |       ||    17
         Acid dragon scale |       |       |       |    37 ||    37
  Dodge: Dodged            |     9 |    22 |    54 |   189 ||   274

Table legend: (Time is in decaauts)
 A = Elapsed time spent in this place.
 B = Non-inter-level travel time spent in this place.
 C = Inter-level travel time spent in this place.
 D = Time resting spent in this place.
 E = Time spent auto-exploring this place.
 F = Levels seen in this place.
 G = Mean time per level.
                   A        B        C        D        E       F      G
               +--------+--------+--------+--------+--------+-----+--------+
         Total |  25277 |  23725 |   1552 |  11160 |   8474 |  16 | 1579.8 |
       Dungeon |  19474 |  18143 |   1331 |   8338 |   6687 |  11 | 1770.4 |
        Temple |     68 |     61 |      7 |      0 |     43 |   1 |   68.0 |
          Lair |   5733 |   5519 |    214 |   2822 |   1744 |   4 | 1433.2 |
               +--------+--------+--------+--------+--------+-----+--------+

Top non-repeatable levels by time:
     D:9: 3140 daAuts
  Lair:1: 2773 daAuts
     D:4: 2534 daAuts
     D:5: 2376 daAuts
  Lair:2: 2155 daAuts
    D:10: 2148 daAuts
     D:8: 2125 daAuts
     D:1: 1762 daAuts
     D:3: 1537 daAuts
     D:2: 1499 daAuts
     D:7: 1203 daAuts
     D:6: 1142 daAuts
  Lair:3: 800 daAuts
  Temple: 68 daAuts
    D:11: 6 daAuts
